 Dungeon Crawl Stone Soup version 0.31.0-11-ge490571c62 (webtiles) character file.

Game seed: 17850279402189031515

11 bnnuy the Sneak (level 2, -2/19 HPs)
             Began as a Gargoyle Delver on Feb 5, 2024.
             Slain by a gnoll
             ... wielding a +0 flail
              (9 damage)
             ... on level 4 of the Dungeon.
             The game lasted 00:02:40 (290 turns).

bnnuy the Sneak (Gargoyle Delver)                    Turns: 290, Time: 00:02:41

Health: -2/19      AC: 10    Str: 15    XL:     2   Next: 29%
Magic:  2/2        EV:  7    Int: 10    God:
Gold:   0          SH:  0    Dex: 11    Spells: 1/1 levels left

rFire   . . .        a - +0 mace
rCold   . . .        (no shield)
rNeg    + . .        h - +0 chain mail
rPois   ∞            (no helmet)
rElec   +            (no cloak)
rCorr   .            (no gloves)
SInv    .            (no boots)
Will    .....        (no amulet) Stlth
                     (no ring)
HPRegen 0.23/turn    (no ring)
MPRegen 0.08/turn

%: no passive effects
@: no status effects
A: sickness immunity, AC +2, negative energy resistance 1, electricity
resistance, torment resistance 1, petrification resistance
a: no special abilities


You were on level 4 of the Dungeon.
You visited 1 branch of the dungeon, and saw 4 of its levels.

Inventory:

Hand Weapons
 a - a +0 mace (weapon)
Armour
 b - a +0 leather armour
 h - a +0 chain mail (worn)
Wands
 g - a wand of digging (3)
Scrolls
 c - a scroll of fog
 e - a scroll of fear
 i - a scroll of enchant weapon {unknown}
Potions
 f - a potion of haste
 j - a potion of curing {unknown}


   Skills:
 - Level 3.2 Fighting
 * Level 2.9 Maces & Flails
 - Level 1.5 Dodging
 - Level 5.4 Stealth


You had one spell level left.
You didn't know any spells.
Your spell library was empty.

Dungeon Overview and Level Annotations

Branches:
Dungeon (6/15)             Temple (0/1) D:4

Altars:

Annotations:
D:3 Grinder
D:6 Prince Ribbit


Innate Abilities, Weirdness & Mutations

You are immune to sickness and miasma.
Your stone body is resilient. (AC +2)
You are immune to poison.
You resist negative energy. (rN+)
You are resistant to electric shocks. (rElec)
You are resistant to unholy torment.
You are immune to petrification.


Message History

The orc shouts!
You start waiting.
An orc is nearby!
You closely miss the orc. The orc hits you but does no damage.
You barely miss the orc. The orc hits you but does no damage.
You hit the orc.
The orc is severely wounded.
The orc hits you but does no damage. The orc completely misses you.
You closely miss the orc.
The orc is severely wounded.
The orc hits you but does no damage.
You closely miss the orc.
The orc is severely wounded.
The orc hits you but does no damage.
You closely miss the orc.
The orc is severely wounded.
The orc hits you but does no damage.
You hit the orc.
You kill the orc!
You see here a +0 short sword.
A gnoll comes into view. It is wielding a +0 spear.
The gnoll shouts!
You see here a +0 short sword.
As you read the scroll of revelation, it crumbles to dust.
You feel aware of your surroundings.
You sensed 1 altar, and 1 shop/portal.
A gnoll comes into view. It is wielding a +0 flail.
The gnoll shouts!
The gnoll hits you but does no damage. The gnoll attacks as it pursues you!
The gnoll barely misses you. The gnoll hits you with a +0 flail.
There is an open door here.
A gnoll comes into view. It is wielding a +0 flail.
Found a scroll of revelation.
The gnoll shouts!
The gnoll attacks as it pursues you! The gnoll hits you with a +0 flail.
The gnoll attacks as it pursues you! The gnoll closely misses you.
The gnoll hits you with a +0 flail. The gnoll attacks as it pursues you!
The gnoll closely misses you. The gnoll attacks as it pursues you!
The gnoll hits you with a +0 flail!
You die...

######.####.....##*,************
######.#####...## *,* *,*,*
######.######'#####?##**,*,* #g#
##.........,,,*,* #.#
##..g#####..,,,,,* #.# #.....#
*,******* #.# #....g# *,* #.#
#....g# *,* #)####....@##**,*
#...............#
######.....###### ##...## ##.##
#.#********** #.#*,,,,,,,,*
#.**,****,,,* ********* *,**,*
*,>,*


You could see 3 gnolls.

Vanquished Creatures
  An adder (D:4)
  An orc (D:4)
2 creatures vanquished.

Vanquished Creatures (others)
  An orc priest (D:4)
  An orc (D:4)
  A giant cockroach (D:4)
3 creatures vanquished.

Grand Total: 5 creatures vanquished

Notes
Turn   | Place    | Note
-------+----------+-------------------------------------------
     0 | D:5      | bnnuy the Gargoyle Delver began the quest for the Orb.
     0 | D:5      | Reached XP level 1. HP: 14/14 MP: 1/1
     1 | D:6      | Noticed Prince Ribbit
    38 | D:5      | Noticed an ogre
   132 | D:4      | Reached XP level 2. HP: 9/19 MP: 2/2
   214 | D:3      | Noticed Grinder
   214 | D:3      | Paralysed by Grinder for 2 turns
   290 | D:4      | Slain by a gnoll

Illustrated notes

Levels and vault maps discovered:
D:3:      kennysheep_big_flooded_room, layout_rooms, elyvilon_altar_5,
          serial_glass, glass_columns_a, glass_columns_a, glass_columns_a,
          glass_columns_c, glass_columns_a, glass_columns_b, glass_columns_c,
          glass_columns_a, glass_columns_b, glass_columns_a, glass_columns_b,
          glass_columns_a, glass_columns_c, glass_columns_b, st_stairs_10,
          uniq_robin, uniq_sigmund, uniq_grinder
D:4:      black_bear_nest_2, layout_loops_corners, fiery_altar_vehumet,
          minmay_temple_entry_butterflies, serial_shops, shop,
          minmay_misc_feat_ornament, minmay_goblin_kobold_house
D:5:      layout_rooms, kennysheep_mini_moat, kennysheep_cross_room,
          roderic_batcave, hangedman_decor_slide_cut, minmay_misc_feat_roman,
          minivault_26, kennysheep_generic_room_8
D:6:      layout_loops_ring, mainiacjoe_overflow_six_doors_small,
          minmay_lizard_king, uniq_prince_ribbit1, uniq_edmund, uniq_menkaure

Action                     || total
---------------------------++-------
  Melee: Mace              ||    31
    Use: Scroll            ||     1
 Armour: Chain mail        ||    35
  Dodge: Dodged            ||    19
